 Dungeon Crawl Stone Soup version 0.27.0-1-g7a089689b8 (webtiles) character file.

Game seed: 9051728566237423073

75 Sin92 the Skirmisher (level 4, -3/38 (40) HPs)
             Began as a Minotaur Fighter on Aug 5, 2021.
             Succumbed to Crazy Yiuf's poison
             ... on level 2 of the Dungeon.
             The game lasted 00:01:23 (2079 turns).

Sin92 the Skirmisher (Minotaur Fighter)             Turns: 2079, Time: 00:01:23

HP:   -3/38 (40)    AC:  7    Str: 21    XL:     4   Next: 11%
MP:   2/3           EV:  8    Int:  5    God:
Gold: 75            SH:  9    Dex: 10    Spells: 3/3 levels left

rFire    . . .     SeeInvis .   a - +0 war axe
rCold    . . .     Faith    .   c - +0 kite shield
rNeg     . . .     Spirit   .   b - +0 scale mail
rPois    .         Reflect  .   (helmet restricted)
rElec    .         Harm     .   (no cloak)
rCorr    .         Rampage  .   (no gloves)
Will     .....                  (no boots)
Stlth    ..........             (no amulet)
HPRegen  0.12/turn              (no ring)
MPRegen  0.08/turn              (no ring)

@: mighty, lethally poisoned (-3 -> -20), drained
A: horns 2, retaliatory headbutt
a: no special abilities


You were on level 2 of the Dungeon.
You visited 1 branch of the dungeon, and saw 2 of its levels.

You collected 75 gold pieces.

Inventory:

Hand Weapons
 a - a +0 war axe (weapon)
Armour
 b - a +0 scale mail (worn)
 c - a +0 kite shield (worn)
Jewellery
 f - an amulet of guardian spirit
 i - an amulet of faith
Scrolls
 e - a scroll of magic mapping {unknown}
 g - a scroll of silence {unknown}
 h - 3 scrolls of identify {unknown}
 j - a scroll of fear {unknown}
 k - a scroll of teleportation {unknown}
 l - a scroll of blinking {unknown}


   Skills:
 + Level 4.0 Fighting
 + Level 2.9(3.4) Axes
 + Level 1.9(2.7) Maces & Flails
 + Level 1.3(2.3) Polearms
 + Level 4.0 Armour
 + Level 1.2 Dodging
 + Level 4.0 Shields


You had 3 spell levels left.
You didn't know any spells.
Your spell library contained the following spells:

 Spells                   Type           Power      Damage    Failure   Level
 Animate Skeleton         Necr           0%         N/A       99%         1
 Apportation              Tloc           0%         N/A       99%         1
 Corona                   Hex            0%         N/A       99%         1
 Summon Small Mammal      Summ           0%         N/A       99%         1


Dungeon Overview and Level Annotations

Branches:
Dungeon (2/15)

Altars:


Innate Abilities, Weirdness & Mutations

You have a pair of horns on your head.
You reflexively headbutt those who attack you in melee.


Message History

The fungus is lightly damaged.
You hit the fungus but do no damage. You slash the fungus!
The fungus is lightly damaged.
You hit the fungus.
The fungus begins to die.
You slash the fungus!
The fungus is lightly damaged.
You hit the fungus.
A nearby fungus withers and dies.
A nearby fungus withers and dies.
Found a mace.
Found a runed translucent door.
Crazy Yiuf shouts!
Crazy Yiuf cries, "Aardvark arm illywillydillykilly!"
Could not explore, unopened runed door.
Unknown command.
No reachable target in view!
Unknown command.
Could not explore, unopened runed door.
No reachable target in view!
Could not explore, unopened runed door.
No reachable target in view!
You open the door.
Crazy Yiuf drinks a potion.
Crazy Yiuf seems to speed up.
You block Crazy Yiuf's attack.
There is an open translucent door here.
You closely miss Crazy Yiuf.
Crazy Yiuf hits you with a +2 quarterstaff of chaos!
You feel drained.
Crazy Yiuf hits you with a +2 quarterstaff of chaos.
You feel your power leaking away.
Crazy Yiuf grits, "Pitchfork!"
Crazy Yiuf hits you with a +2 quarterstaff of chaos!
You blink.
You feel very mighty all of a sudden.
Crazy Yiuf hits you with a +2 quarterstaff of chaos!
* * * LOW HITPOINT WARNING * * *
You are lethally poisoned!
Crazy Yiuf completely misses you. You furiously retaliate!
You headbutt Crazy Yiuf! You slash Crazy Yiuf!
You kill Crazy Yiuf!
You die...

#....##.#
#.##.#.#.# #.#
####'####+#
######.#.######.#
#.........#
#...........
#.........# #####
###........#
#.........# #)..#
####...#####
#.....††..# #...#
#......#
#.........# #...#
###..(># #
#.........# #)#
#....# #
#.........# #@##
#....#####
########### ##.#
#....'..## #.##
####...####P #####
##.# #......# ##≈
#...# ##.##
###....# #P≈ #...#
##...# #....###P≈
#...# #P..##
#....'##P≈ #...#
#....# #....##..≈
#...#
#....#####.....#P.P


There were no monsters in sight!

Vanquished Creatures
  Crazy Yiuf (D:2)
  3 adders (D:2)
  2 worms (D:2)
  A dart slug (D:2)
  6 bats
  6 endoplasms
  2 giant cockroaches
  4 hobgoblins
  3 jackals (D:1)
  3 ball pythons
  2 frilled lizards (D:1)
  5 kobolds
  2 rats (D:1)
40 creatures vanquished.

Vanquished Creatures (others)
  4 fungi (D:2)
4 creatures vanquished.

Grand Total: 44 creatures vanquished

Notes
Turn   | Place    | Note
-------+----------+-------------------------------------------
     0 | D:1      | Sin92 the Minotaur Fighter began the quest for the Orb.
     0 | D:1      | Reached XP level 1. HP: 19/19 MP: 0/0
   216 | D:1      | Reached skill level 1 in Maces & Flails
   216 | D:1      | Reached XP level 2. HP: 27/27 MP: 1/1
  1185 | D:2      | Reached XP level 3. HP: 33/33 MP: 2/2
  1295 | D:2      | Reached skill level 1 in Polearms
  1295 | D:2      | Reached skill level 1 in Dodging
  1660 | D:2      | Found a faded altar of an unknown god.
  1727 | D:2      | Reached XP level 4. HP: 40/40 MP: 3/3
  2070 | D:2      | Found a runed translucent door.
  2071 | D:2      | Noticed Crazy Yiuf
  2079 | D:2      | Killed Crazy Yiuf
  2079 | D:2      | Succumbed to Crazy Yiuf's poison

Illustrated notes

Levels and vault maps discovered:
D:1:      amcnicky_arrival_blooded_trapdoor, layout_basic
D:2:      layout_basic, shapermc_ecumenical_altar_hornbeckon,
          uniq_crazy_yiuf_cottage

Skill      XL: |  1  2  3 |
---------------+----------+-----
Maces & Flails | 1 |  1.9
Polearms       | 1 |  1.3
Dodging        | 1 |  1.2
Fighting       | 4 |  4.0
Armour         | 4 |  4.0
Shields        | 4 |  4.0
Axes           | |  2.9

Action                   |  1- 3 |  4- 6 || total
-------------------------+-------+-------++-------
Melee: War axe           |    81 |    14 ||    95
       Headbutt          |     8 |     3 ||    11
  Use: Potion            |       |     1 ||     1
Armor: Scale mail        |    35 |     1 ||    36
Dodge: Dodged            |    23 |     2 ||    25
Block: Kite shield       |    45 |     6 ||    51
